NEW YORK Islanders vs BOSTON Bruins

Created - 4 février 2019 at 16:39

Goals
1 2 3 OT1 T
NEW YORK Islanders 0 0 3 0 3
BOSTON Bruins 0 0 3 1 4
Shots
1 2 3 OT1 T
NEW YORK Islanders 12 4 16 1 33
BOSTON Bruins 13 12 12 2 39

1st period

No Goal

Penalties :
Victor Hedman (BOS) for Interference (Minor) at 5:20, Adam Lowry (NYI) for Slashing (Double Minor) at 7:42

2nd period

No Goal

Penalties :
Phil Kessel (BOS) for Tripping (Minor) at 10:47

3rd period

1. NEW YORK Islanders , Radek Faksa 16 (Andrew Ladd 9, Adam Lowry 21) at 3:16
2. NEW YORK Islanders , Martin Hanzal 11 (Ryan Murray 17, Martin Marincin 9) at 4:32
3. BOSTON Bruins , David Krejci 8 (Victor Hedman 26, Mattias Ekholm 15) at 6:08
4. BOSTON Bruins , Bo Horvat 7 (Blake Wheeler 31, Tomas Hertl 17) at 6:53
5. NEW YORK Islanders , Adam Lowry 6 (Martin Marincin 10, Ryan Murray 18) at 7:34
6. BOSTON Bruins , Brad Marchand 24 (Patrice Bergeron 29) at 16:41

Penalties :
Mattias Ekholm (BOS) for Holding (Minor) at 1:03, Victor Hedman (BOS) for Delaying the game (Minor) at 8:11

Overtime #1

7. BOSTON Bruins , Brad Marchand 25 (Patrice Bergeron 30) at 1:10

Penalties :
No Penalty

Goalie Stats

Ryan Miller (NYI), 35 saves from 39 shots - (0,897), OTL, 15-21-4, 61:11 minutes
Frederik Andersen (BOS), 30 saves from 33 shots - (0,909), W, 32-15-4, 61:11 minutes

Players Stats for NEW YORK Islanders

Player Name              G  A  P  +/- PIM S  H  SB GA TA FO     MP     PP MP  PK MP  
------------------------------------------------------------------------------------
Adam Lowry               1  1  2   0  4   4  2  0  0  0  1/1    18:42   0:00   0:00 
Andrew Ladd              0  1  1   0  0   2  0  0  0  0  2/3    19:17   0:00   0:34 
Brett Connolly           0  0  0   0  0   4  0  0  0  0  0/1    18:06   4:46   0:00 
Clarke MacArthur         0  0  0   0  0   0  0  0  0  0  2/2     6:44   0:00   0:00 
Colton Parayko           0  0  0  -2  0   1  1  1  0  0  0/0    21:43   4:21   1:58 
Derek Forbort            0  0  0  -1  0   1  2  3  0  0  0/0    25:17   3:35   2:01 
Dmitrij Jaskin           0  0  0  -1  0   3  2  0  0  0  11/26  19:13   3:10   1:32 
Drew Stafford            0  0  0   0  0   1  0  0  0  0  0/0     9:18   0:00   0:00 
Jay Beagle               0  0  0  -1  0   2  1  0  0  0  4/9    14:05   4:46   1:53 
Joakim Nordstrom         0  0  0   0  0   0  0  0  0  0  0/1     7:18   0:00   0:34 
Justin Abdelkader        0  0  0   0  0   5  0  0  0  0  2/8    14:04   4:46   0:00 
Kevin Connauton          0  0  0  -1  0   2  1  0  0  0  0/0    12:35   0:00   0:00 
Martin Hanzal            1  0  1   0  0   3  1  0  0  0  8/17   14:50   3:10   1:53 
Martin Marincin          0  2  2   2  0   1  0  0  0  0  0/0    21:19   3:35   1:26 
Matt Moulson             0  0  0   0  0   0  0  0  0  0  0/0    18:02   3:10   1:32 
Radek Faksa              1  0  1   0  0   3  0  0  0  0  12/27  18:43   0:00   0:00 
Ryan Murray              0  2  2   2  0   0  1  3  0  0  0/0    17:25   0:00   1:07 
Slater Koekkoek          0  0  0  -2  0   1  1  1  0  0  0/0    24:03   4:21   1:26 

Players Stats for BOSTON Bruins

Player Name              G  A  P  +/- PIM S  H  SB GA TA FO     MP     PP MP  PK MP  
------------------------------------------------------------------------------------
Adam Cracknell           0  0  0  -1  0   0  0  0  0  0  0/0     6:38   0:24   0:53 
Adrian Kempe             0  0  0  -1  0   0  0  0  0  0  0/0     5:21   0:00   0:00 
Blake Wheeler            0  1  1   1  0   4  0  0  0  0  2/2    20:02   1:33   2:14 
Bo Horvat                1  0  1   1  0   5  1  0  0  0  12/25  18:53   0:24   2:14 
Brad Marchand            2  0  2   1  0   6  2  1  0  0  0/2    25:47   2:02   4:49 
Darren Archibald         0  0  0   0  0   0  1  0  0  0  0/1     8:44   0:00   0:00 
David Krejci             1  0  1   0  0   1  0  0  0  0  8/9    10:17   1:33   0:00 
Johnny Boychuk           0  0  0   1  0   1  1  0  0  0  0/0    23:06   0:24   3:51 
Kevan Miller             0  0  0   1  0   1  0  2  0  0  0/0    14:17   0:00   3:51 
Logan Shaw               0  0  0   0  0   2  0  0  0  0  0/0     9:08   0:24   0:00 
Matt Dumba               0  0  0   1  0   2  1  2  0  0  0/0    23:28   2:02   2:54 
Mattias Ekholm           0  1  1  -1  2   1  1  2  0  0  0/0    25:23   1:57   3:09 
Nolan Patrick            0  0  0  -1  0   0  2  0  0  0  0/7     5:21   0:00   0:00 
Patrice Bergeron         0  2  2   1  0   9  1  0  0  0  29/44  25:47   2:02   4:49 
Phil Kessel              0  0  0   0  2   5  0  0  0  0  1/2    19:49   2:02   0:00 
Shea Theodore            0  0  0   1  0   0  0  1  0  0  0/0    11:37   1:33   0:16 
Tomas Hertl              0  1  1   1  0   1  1  0  0  0  1/3    18:38   1:33   0:53 
Victor Hedman            0  1  1  -1  4   1  2  1  0  0  0/0    24:28   2:02   1:51 

3 Stars

1 - Brad Marchand (BOS)
2 - Ryan Murray (NYI)
3 - Bo Horvat (BOS)

Power Play

NEW YORK Islanders - 0 on 4 Attempt(s) - 0,00%
BOSTON Bruins - 0 on 2 Attempt(s) - 0,00%

Penalty Kill

NEW YORK Islanders - 2 on 2 Attempt(s) - 100,00% - Score 0 goal in Penalty Kill
BOSTON Bruins - 4 on 4 Attempt(s) - 100,00% - Score 0 goal in Penalty Kill

Team Stat

NEW YORK Islanders - Hits : 12 - Faceoff Wins : 42 - Blocked Shots : 8 - Penalty Minutes : 4
BOSTON Bruins - Hits : 13 - Faceoff Wins : 53 - Blocked Shots : 9 - Penalty Minutes : 8

Official

Referees : Unknown
Linesman : Unknown

Game Notes

No Game Note

Finance

Level 1 -- Attendance: 5487 (91,45%) -- Ticket Income 548 700 $
Level 2 -- Attendance: 3840 (76,80%) -- Ticket Income 230 400 $
Level 3 -- Attendance: 1981 (99,05%) -- Ticket Income 69 335 $
Level 4 -- Attendance: 4000 (100,00%) -- Ticket Income 80 000 $
Luxury Box -- Attendance: 812 (81,20%) -- Ticket Income 162 400 $
Game was played at the TD Garden.
Total Attendance: 16120 (89,56%)
Total Ticket Income: 1 090 835 $
Other Income: 425 426 $
Total Income: 1 516 261 $

NEW YORK Islanders

5 vs 5 Forward 
   Center                   Left Wing                Right Wing               Time % Phy DF OF 
 1 Radek Faksa              Andrew Ladd              Adam Lowry               40     1   2  2  
 2 Dmitrij Jaskin           Matt Moulson             Brett Connolly           30     1   2  2  
 3 Martin Hanzal            Drew Stafford            Justin Abdelkader        20     1   2  2  
 4 Jay Beagle               Clarke MacArthur         Joakim Nordstrom         10     1   2  2  

5 vs 5 Defense 
   Defense                  Defense                                           Time % Phy DF OF 
 1 Slater Koekkoek          Derek Forbort                                     40     1   2  2  
 2 Ryan Murray              Martin Marincin                                   30     1   2  2  
 3 Colton Parayko           Kevin Connauton                                   20     1   2  2  
 4 Derek Forbort            Colton Parayko                                    10     1   2  2  

PowerPlay Forward 
   Center                   Left Wing                Right Wing               Time % Phy DF OF 
 1 Justin Abdelkader        Brett Connolly           Jay Beagle               60     1   2  2  
 2 Martin Hanzal            Matt Moulson             Dmitrij Jaskin           40     1   2  2  

PowerPlay Defense
   Defense                  Defense                                           Time % Phy DF OF 
 1 Colton Parayko           Slater Koekkoek                                   60     1   2  2  
 2 Derek Forbort            Martin Marincin                                   40     1   2  2  

Penalty Kill 4 Players Forward 
   Center                   Wing                     Time % Phy DF OF 
 1 Jay Beagle               Martin Hanzal            60     1   2  2  
 2 Dmitrij Jaskin           Matt Moulson             40     1   2  2  

Penalty Kill 4 Players Defense
   Defense                  Defense                  Time % Phy DF OF 
 1 Derek Forbort            Slater Koekkoek          60     1   2  2  
 2 Martin Marincin          Colton Parayko           40     1   2  2  

Penalty Kill - 3 Players Forward 
   Forward                                           Time % Phy DF OF 
 1 Jay Beagle                                        60     1   2  2  
 2 Matt Moulson                                      40     1   2  2  

Penalty Kill - 3 Players Defense
   Defense                  Defense                  Time % Phy DF OF 
 1 Slater Koekkoek          Colton Parayko           60     1   2  2  
 2 Ryan Murray              Derek Forbort            40     1   2  2  

4 vs 4 Forward 
   Center                   Wing                     Time % Phy DF OF 
 1 Dmitrij Jaskin           Jay Beagle               60     1   2  2  
 2 Matt Moulson             Martin Hanzal            40     1   2  2  

4 vs 4 Defense
   Defense                  Defense                  Time % Phy DF OF 
 1 Colton Parayko           Slater Koekkoek          60     1   2  2  
 2 Martin Marincin          Derek Forbort            40     1   2  2  

Last Minutes Offensive
   Center                   Left Wing                Right Wing               Defense                  Defense                  
   Radek Faksa              Dmitrij Jaskin           Justin Abdelkader        Slater Koekkoek          Derek Forbort            

Last Minutes Defensive
   Center                   Left Wing                Right Wing               Defense                  Defense                  
   Martin Hanzal            Dmitrij Jaskin           Adam Lowry               Slater Koekkoek          Derek Forbort            

Goaltenders
Starting : Ryan Miller              
Backup : Ondrej Pavelec           

Extra Forwards
Normal : Martin Hanzal, Matt Moulson, Jay Beagle - PP : Jay Beagle, Matt Moulson - PK : Jay Beagle
Extra Defensemen
Normal : Colton Parayko, Slater Koekkoek, Derek Forbort - PP : Slater Koekkoek - PK : Slater Koekkoek, Derek Forbort
Penalty Shots
Matt Moulson, Dmitrij Jaskin, Brett Connolly, Martin Hanzal, Jay Beagle

BOSTON Bruins

5 vs 5 Forward 
   Center                   Left Wing                Right Wing               Time % Phy DF OF 
 1 Patrice Bergeron         Brad Marchand            Phil Kessel              42     1   2  2  
 2 Bo Horvat                Blake Wheeler            Tomas Hertl              35     1   2  2  
 3 David Krejci             Darren Archibald         Logan Shaw               17     1   2  2  
 4 Nolan Patrick            Adrian Kempe             Adam Cracknell           6      1   2  2  

5 vs 5 Defense 
   Defense                  Defense                                           Time % Phy DF OF 
 1 Victor Hedman            Mattias Ekholm                                    40     1   2  2  
 2 Matt Dumba               Johnny Boychuk                                    40     1   2  2  
 3 Shea Theodore            Kevan Miller                                      10     1   2  2  
 4 Victor Hedman            Mattias Ekholm                                    10     1   2  2  

PowerPlay Forward 
   Center                   Left Wing                Right Wing               Time % Phy DF OF 
 1 Patrice Bergeron         Brad Marchand            Phil Kessel              60     1   1  3  
 2 David Krejci             Blake Wheeler            Tomas Hertl              40     1   1  3  

PowerPlay Defense
   Defense                  Defense                                           Time % Phy DF OF 
 1 Victor Hedman            Matt Dumba                                        60     1   1  3  
 2 Mattias Ekholm           Shea Theodore                                     40     1   1  3  

Penalty Kill 4 Players Forward 
   Center                   Wing                     Time % Phy DF OF 
 1 Patrice Bergeron         Brad Marchand            60     1   2  2  
 2 Bo Horvat                Blake Wheeler            40     1   2  2  

Penalty Kill 4 Players Defense
   Defense                  Defense                  Time % Phy DF OF 
 1 Victor Hedman            Mattias Ekholm           60     1   2  2  
 2 Johnny Boychuk           Kevan Miller             40     1   2  2  

Penalty Kill - 3 Players Forward 
   Forward                                           Time % Phy DF OF 
 1 Patrice Bergeron                                  60     1   2  2  
 2 Bo Horvat                                         40     1   2  2  

Penalty Kill - 3 Players Defense
   Defense                  Defense                  Time % Phy DF OF 
 1 Victor Hedman            Mattias Ekholm           60     1   2  2  
 2 Johnny Boychuk           Kevan Miller             40     1   2  2  

4 vs 4 Forward 
   Center                   Wing                     Time % Phy DF OF 
 1 Patrice Bergeron         Brad Marchand            60     1   2  2  
 2 Bo Horvat                Blake Wheeler            40     1   2  2  

4 vs 4 Defense
   Defense                  Defense                  Time % Phy DF OF 
 1 Victor Hedman            Mattias Ekholm           60     1   2  2  
 2 Matt Dumba               Johnny Boychuk           40     1   2  2  

Last Minutes Offensive
   Center                   Left Wing                Right Wing               Defense                  Defense                  
   Patrice Bergeron         Brad Marchand            Phil Kessel              Victor Hedman            Matt Dumba               

Last Minutes Defensive
   Center                   Left Wing                Right Wing               Defense                  Defense                  
   Patrice Bergeron         Brad Marchand            Tomas Hertl              Victor Hedman            Mattias Ekholm           

Goaltenders
Starting : Frederik Andersen        
Backup : Louis Domingue           

Extra Forwards
Normal : Blake Wheeler, Brad Marchand, Nolan Patrick - PP : Tomas Hertl, Bo Horvat - PK : Tomas Hertl
Extra Defensemen
Normal : Matt Dumba, Kevan Miller, Mattias Ekholm - PP : Johnny Boychuk - PK : Matt Dumba, Shea Theodore
Penalty Shots
Brad Marchand, Patrice Bergeron, Phil Kessel, Blake Wheeler, Tomas Hertl


% Time on Ice - NEW YORK Islanders

Lines # - Real PCT - Wanted PCT - Time Play
Normal Forward
1 - 39% - 40% - 18:43
2 - 28% - 30% - 13:20
3 - 19% - 20% - 9:18
4 - 14% - 10% - 6:44
Normal Defense
1 - 34% - 40% - 16:19
2 - 34% - 30% - 16:18
3 - 26% - 20% - 12:35
4 - 6% - 10% - 2:53
PP Forward
1 - 60% - 60% - 4:46
2 - 40% - 40% - 3:10
PP Defense
1 - 55% - 60% - 4:21
2 - 45% - 40% - 3:35
PK Forward
1 - 62% - 60% - 2:27
2 - 38% - 40% - 1:32
PK Defense
1 - 51% - 60% - 2:01
2 - 49% - 40% - 1:58
PK3 Forward
1 - 0% - 60%
2 - 0% - 40%
PK3 Defense
1 - 0% - 60%
2 - 0% - 40%
44 Forward
1 - 100% - 60% - 1:11
2 - 0% - 40% - 0:00
44 Defense
1 - 100% - 60% - 1:11
2 - 0% - 40% - 0:00
Last Minute Offensive  - 0:00
Last Minute Defensive  - 0:00
Total
Forward - 61:11
Defense - 61:11

% Time on Ice - BOSTON Bruins

Lines # - Real PCT - Wanted PCT - Time Play
Normal Forward
1 - 37% - 42% - 17:48
2 - 34% - 35% - 16:12
3 - 18% - 17% - 8:44
4 - 11% - 6% - 5:21
Normal Defense
1 - 37% - 40% - 17:59
2 - 38% - 40% - 18:08
3 - 22% - 10% - 10:26
4 - 3% - 10% - 1:32
PP Forward
1 - 51% - 60% - 2:02
2 - 49% - 40% - 1:57
PP Defense
1 - 51% - 60% - 2:02
2 - 49% - 40% - 1:57
PK Forward
1 - 72% - 60% - 5:42
2 - 28% - 40% - 2:14
PK Defense
1 - 51% - 60% - 4:05
2 - 49% - 40% - 3:51
PK3 Forward
1 - 0% - 60%
2 - 0% - 40%
PK3 Defense
1 - 0% - 60%
2 - 0% - 40%
44 Forward
1 - 96% - 60% - 1:08
2 - 4% - 40% - 0:03
44 Defense
1 - 93% - 60% - 1:06
2 - 7% - 40% - 0:05
Last Minute Offensive  - 0:00
Last Minute Defensive  - 0:00
Total
Forward - 61:11
Defense - 61:11

Play-by-Play

1st period


0:01 of 1st period - Patrice Bergeron wins face-off versus Radek Faksa in neutral zone.
0:14 of 1st period - Shot by Andrew Ladd.
0:14 of 1st period - Stopped by Frederik Andersen without a rebound.
0:15 of 1st period - Dmitrij Jaskin wins face-off versus Bo Horvat in BOSTON Bruins zone.
0:26 of 1st period - Shot by Brett Connolly.
0:26 of 1st period - Stopped by Frederik Andersen without a rebound.
0:27 of 1st period - David Krejci wins face-off versus Martin Hanzal in BOSTON Bruins zone.
0:43 of 1st period - Kevan Miller is hit by Kevin Connauton and loses puck.
1:26 of 1st period - Off-side.
1:27 of 1st period - Bo Horvat wins face-off versus Radek Faksa in neutral zone.
1:36 of 1st period - Shot by Mattias Ekholm.
1:36 of 1st period - Stopped by Ryan Miller without a rebound.
1:37 of 1st period - Dmitrij Jaskin wins face-off versus Patrice Bergeron in NEW YORK Islanders zone.
2:20 of 1st period - Shot by Brad Marchand.
2:20 of 1st period - Shot Misses the Net.
2:22 of 1st period - Shot by Mattias Ekholm.
2:22 of 1st period - Shot Misses the Net.
2:24 of 1st period - Shot by Brad Marchand.
2:24 of 1st period - Shot Misses the Net.
2:37 of 1st period - Icing by Johnny Boychuk.
2:38 of 1st period - Bo Horvat wins face-off versus Radek Faksa in BOSTON Bruins zone.
2:51 of 1st period - Icing by Derek Forbort.
2:52 of 1st period - Radek Faksa wins face-off versus Nolan Patrick in NEW YORK Islanders zone.
2:52 of 1st period - Radek Faksa is hit by Nolan Patrick.
3:07 of 1st period - Adrian Kempe is hit by Slater Koekkoek.
3:13 of 1st period - Shot by Johnny Boychuk.
3:13 of 1st period - Shot Blocked by Slater Koekkoek.
3:17 of 1st period - Shot by Nolan Patrick.
3:17 of 1st period - Shot Misses the Net.
3:19 of 1st period - Shot by Johnny Boychuk.
3:19 of 1st period - Stopped by Ryan Miller without a rebound.
3:20 of 1st period - Jay Beagle wins face-off versus Tomas Hertl in NEW YORK Islanders zone.
3:29 of 1st period - Shot by Bo Horvat.
3:29 of 1st period - Stopped by Ryan Miller without a rebound.
3:30 of 1st period - Martin Hanzal wins face-off versus Bo Horvat in NEW YORK Islanders zone.
4:00 of 1st period - Shot by Bo Horvat.
4:00 of 1st period - Stopped by Ryan Miller without a rebound.
4:01 of 1st period - Radek Faksa wins face-off versus Patrice Bergeron in NEW YORK Islanders zone.
4:03 of 1st period - Icing by Adam Lowry.
4:04 of 1st period - Radek Faksa wins face-off versus Patrice Bergeron in NEW YORK Islanders zone.
4:25 of 1st period - Shot by Patrice Bergeron.
4:25 of 1st period - Shot Misses the Net.
4:27 of 1st period - Shot by Matt Dumba.
4:27 of 1st period - Stopped by Ryan Miller with a rebound.
4:35 of 1st period - Shot by Patrice Bergeron.
4:35 of 1st period - Stopped by Ryan Miller without a rebound.
4:36 of 1st period - Clarke MacArthur wins face-off versus Tomas Hertl in NEW YORK Islanders zone.
4:47 of 1st period - Shot by Blake Wheeler.
4:47 of 1st period - Stopped by Ryan Miller without a rebound.
4:48 of 1st period - David Krejci wins face-off versus Dmitrij Jaskin in NEW YORK Islanders zone.
5:08 of 1st period - Icing by Victor Hedman.
5:09 of 1st period - Radek Faksa wins face-off versus Darren Archibald in BOSTON Bruins zone.
5:09 of 1st period - Radek Faksa is hit by Victor Hedman.
5:16 of 1st period - Andrew Ladd is hit by Mattias Ekholm and loses puck.
5:20 of 1st period - Minor Penalty to Victor Hedman for Interference.
5:21 of 1st period - Patrice Bergeron wins face-off versus Justin Abdelkader in BOSTON Bruins zone.
5:32 of 1st period - Shot by Justin Abdelkader.
5:32 of 1st period - Shot Blocked by Matt Dumba.
5:34 of 1st period - Shot by Colton Parayko.
5:34 of 1st period - Shot Misses the Net.
5:36 of 1st period - Shot by Justin Abdelkader.
5:36 of 1st period - Stopped by Frederik Andersen without a rebound.
5:37 of 1st period - Martin Hanzal wins face-off versus Patrice Bergeron in BOSTON Bruins zone.
6:12 of 1st period - Shot by Martin Hanzal.
6:12 of 1st period - Shot Misses the Net.
6:14 of 1st period - Shot by Martin Marincin.
6:14 of 1st period - Shot Misses the Net.
6:30 of 1st period - Shot by Slater Koekkoek.
6:30 of 1st period - Stopped by Frederik Andersen with a rebound.
6:32 of 1st period - Shot by Colton Parayko.
6:32 of 1st period - Shot Misses the Net.
6:34 of 1st period - Shot by Brett Connolly.
6:34 of 1st period - Stopped by Frederik Andersen without a rebound.
6:35 of 1st period - Patrice Bergeron wins face-off versus Justin Abdelkader in BOSTON Bruins zone.
6:46 of 1st period - Shot by Colton Parayko.
6:46 of 1st period - Shot Misses the Net.
6:48 of 1st period - Shot by Colton Parayko.
6:48 of 1st period - Shot Misses the Net.
6:50 of 1st period - Shot by Jay Beagle.
6:50 of 1st period - Stopped by Frederik Andersen without a rebound.
6:51 of 1st period - Patrice Bergeron wins face-off versus Justin Abdelkader in BOSTON Bruins zone.
7:04 of 1st period - Shot by Jay Beagle.
7:04 of 1st period - Stopped by Frederik Andersen without a rebound.
7:05 of 1st period - Patrice Bergeron wins face-off versus Martin Hanzal in BOSTON Bruins zone.
7:05 of 1st period - Patrice Bergeron is hit by Dmitrij Jaskin.
7:42 of 1st period - Double Minor Penalty to Adam Lowry for Slashing.
7:43 of 1st period - Patrice Bergeron wins face-off versus Jay Beagle in NEW YORK Islanders zone.
7:44 of 1st period - Shot by Brad Marchand.
7:44 of 1st period - Stopped by Ryan Miller without a rebound.
7:45 of 1st period - Patrice Bergeron wins face-off versus Jay Beagle in NEW YORK Islanders zone.
8:17 of 1st period - Patrice Bergeron is hit by Colton Parayko and loses puck.
9:14 of 1st period - Shot by Blake Wheeler.
9:14 of 1st period - Shot Misses the Net.
9:34 of 1st period - Shot by Patrice Bergeron.
9:34 of 1st period - Shot Misses the Net.
9:36 of 1st period - Shot by Phil Kessel.
9:36 of 1st period - Stopped by Ryan Miller without a rebound.
9:37 of 1st period - Patrice Bergeron wins face-off versus Dmitrij Jaskin in NEW YORK Islanders zone.
10:57 of 1st period - Shot by Mattias Ekholm.
10:57 of 1st period - Shot Blocked by Derek Forbort.
12:38 of 1st period - Off-side.
12:39 of 1st period - Jay Beagle wins face-off versus Bo Horvat in neutral zone.
12:46 of 1st period - Shot by Colton Parayko.
12:46 of 1st period - Stopped by Frederik Andersen without a rebound.
12:47 of 1st period - Dmitrij Jaskin wins face-off versus Patrice Bergeron in BOSTON Bruins zone.
12:50 of 1st period - Shot by Dmitrij Jaskin.
12:50 of 1st period - Shot Misses the Net.
13:02 of 1st period - Shot by Patrice Bergeron.
13:02 of 1st period - Stopped by Ryan Miller without a rebound.
13:03 of 1st period - Martin Hanzal wins face-off versus Bo Horvat in NEW YORK Islanders zone.
13:16 of 1st period - Shot by Martin Hanzal.
13:16 of 1st period - Shot Misses the Net.
13:18 of 1st period - Shot by Colton Parayko.
13:18 of 1st period - Shot Misses the Net.
13:20 of 1st period - Shot by Justin Abdelkader.
13:20 of 1st period - Stopped by Frederik Andersen without a rebound.
13:21 of 1st period - Radek Faksa wins face-off versus Patrice Bergeron in BOSTON Bruins zone.
13:22 of 1st period - Shot by Adam Lowry.
13:22 of 1st period - Shot Blocked by Matt Dumba.
13:24 of 1st period - Shot by Radek Faksa.
13:24 of 1st period - Stopped by Frederik Andersen with a rebound.
13:26 of 1st period - Shot by Andrew Ladd.
13:26 of 1st period - Shot Misses the Net.
13:34 of 1st period - Shot by Andrew Ladd.
13:34 of 1st period - Shot Misses the Net.
13:36 of 1st period - Shot by Adam Lowry.
13:36 of 1st period - Stopped by Frederik Andersen without a rebound.
13:37 of 1st period - Dmitrij Jaskin wins face-off versus Bo Horvat in BOSTON Bruins zone.
13:40 of 1st period - Shot by Matt Moulson.
13:40 of 1st period - Deflect By Dmitrij Jaskin.
13:40 of 1st period - Shot Blocked by Mattias Ekholm.
13:49 of 1st period - Off-side.
13:50 of 1st period - Patrice Bergeron wins face-off versus Radek Faksa in neutral zone.
13:50 of 1st period - Patrice Bergeron is hit by Adam Lowry.
15:03 of 1st period - Shot by Bo Horvat.
15:03 of 1st period - Stopped by Ryan Miller without a rebound.
15:04 of 1st period - Bo Horvat wins face-off versus Martin Hanzal in NEW YORK Islanders zone.
15:26 of 1st period - Off-side.
15:27 of 1st period - David Krejci wins face-off versus Dmitrij Jaskin in neutral zone.
15:49 of 1st period - Shot by Logan Shaw.
15:49 of 1st period - Stopped by Ryan Miller without a rebound.
15:50 of 1st period - Bo Horvat wins face-off versus Radek Faksa in NEW YORK Islanders zone.
15:50 of 1st period - Blake Wheeler is hit by Derek Forbort and loses puck.
16:14 of 1st period - Shot by Andrew Ladd.
16:14 of 1st period - Stopped by Frederik Andersen without a rebound.
16:15 of 1st period - Phil Kessel wins face-off versus Dmitrij Jaskin in BOSTON Bruins zone.
16:30 of 1st period - Off-side.
16:31 of 1st period - Bo Horvat wins face-off versus Radek Faksa in neutral zone.
17:04 of 1st period - Shot by Tomas Hertl.
17:04 of 1st period - Shot Hit the Post.
17:32 of 1st period - Shot by Phil Kessel.
17:32 of 1st period - Stopped by Ryan Miller without a rebound.
17:33 of 1st period - Dmitrij Jaskin wins face-off versus Brad Marchand in NEW YORK Islanders zone.
18:11 of 1st period - Icing by Johnny Boychuk.
18:12 of 1st period - Patrice Bergeron wins face-off versus Jay Beagle in BOSTON Bruins zone.
18:43 of 1st period - Icing by Victor Hedman.
18:44 of 1st period - Martin Hanzal wins face-off versus Bo Horvat in BOSTON Bruins zone.
18:45 of 1st period - Shot by Justin Abdelkader.
18:45 of 1st period - Shot Misses the Net.
19:43 of 1st period - Off-side.
19:44 of 1st period - Patrice Bergeron wins face-off versus Radek Faksa in neutral zone.
19:44 of 1st period - Patrice Bergeron is hit by Adam Lowry.
Goals for this period are 0 for NEW YORK Islanders vs 0 for BOSTON Bruins.
Shots for this period are 12 for NEW YORK Islanders vs 13 for BOSTON Bruins.

2nd period


0:01 of 2nd period - Dmitrij Jaskin wins face-off versus Brad Marchand in neutral zone.
0:06 of 2nd period - Johnny Boychuk is hit by Dmitrij Jaskin and loses puck.
0:22 of 2nd period - Shot by Phil Kessel.
0:22 of 2nd period - Shot Misses the Net.
0:24 of 2nd period - Shot by Phil Kessel.
0:24 of 2nd period - Shot Misses the Net.
0:26 of 2nd period - Shot by Patrice Bergeron.
0:26 of 2nd period - Stopped by Ryan Miller without a rebound.
0:27 of 2nd period - Bo Horvat wins face-off versus Radek Faksa in NEW YORK Islanders zone.
1:10 of 2nd period - Off-side.
1:11 of 2nd period - Dmitrij Jaskin wins face-off versus Patrice Bergeron in neutral zone.
3:07 of 2nd period - Off-side.
3:08 of 2nd period - Radek Faksa wins face-off versus Nolan Patrick in neutral zone.
3:13 of 2nd period - Shot by Andrew Ladd.
3:13 of 2nd period - Shot Blocked by Mattias Ekholm.
3:30 of 2nd period - Adam Lowry is hit by Nolan Patrick and loses puck.
3:35 of 2nd period - Shot by Mattias Ekholm.
3:35 of 2nd period - Shot Blocked by Ryan Murray.
4:00 of 2nd period - Icing by Martin Marincin.
4:01 of 2nd period - Radek Faksa wins face-off versus Phil Kessel in NEW YORK Islanders zone.
4:01 of 2nd period - Radek Faksa is hit by Brad Marchand.
4:18 of 2nd period - Icing by Johnny Boychuk.
4:19 of 2nd period - Patrice Bergeron wins face-off versus Brett Connolly in BOSTON Bruins zone.
4:34 of 2nd period - Shot by Matt Dumba.
4:34 of 2nd period - Shot Misses the Net.
4:36 of 2nd period - Shot by Johnny Boychuk.
4:36 of 2nd period - Shot Misses the Net.
4:38 of 2nd period - Shot by Brad Marchand.
4:38 of 2nd period - Stopped by Ryan Miller without a rebound.
4:39 of 2nd period - Martin Hanzal wins face-off versus Bo Horvat in NEW YORK Islanders zone.
4:39 of 2nd period - Kevin Connauton is hit by Bo Horvat and loses puck.
4:47 of 2nd period - Off-side.
4:48 of 2nd period - Dmitrij Jaskin wins face-off versus Bo Horvat in neutral zone.
5:56 of 2nd period - Shot by Radek Faksa.
5:56 of 2nd period - Shot Blocked by Brad Marchand.
5:58 of 2nd period - Shot by Radek Faksa.
5:58 of 2nd period - Stopped by Frederik Andersen without a rebound.
5:59 of 2nd period - David Krejci wins face-off versus Martin Hanzal in BOSTON Bruins zone.
6:20 of 2nd period - Shot by Drew Stafford.
6:20 of 2nd period - Shot Misses the Net.
6:22 of 2nd period - Shot by Martin Hanzal.
6:22 of 2nd period - Stopped by Frederik Andersen without a rebound.
6:23 of 2nd period - Patrice Bergeron wins face-off versus Radek Faksa in BOSTON Bruins zone.
6:49 of 2nd period - Brad Marchand is hit by Derek Forbort and loses puck.
7:35 of 2nd period - Icing by Martin Marincin.
7:36 of 2nd period - David Krejci wins face-off versus Dmitrij Jaskin in NEW YORK Islanders zone.
7:43 of 2nd period - Shot by David Krejci.
7:43 of 2nd period - Shot Hit the Post.
8:07 of 2nd period - Shot by Brett Connolly.
8:07 of 2nd period - Stopped by Frederik Andersen without a rebound.
8:08 of 2nd period - Martin Hanzal wins face-off versus Bo Horvat in BOSTON Bruins zone.
8:22 of 2nd period - Shot by Victor Hedman.
8:22 of 2nd period - Shot Blocked by Derek Forbort.
8:34 of 2nd period - Shot by Victor Hedman.
8:34 of 2nd period - Shot Misses the Net.
9:17 of 2nd period - Shot by Patrice Bergeron.
9:17 of 2nd period - Shot Blocked by Derek Forbort.
9:25 of 2nd period - Shot by Patrice Bergeron.
9:25 of 2nd period - Stopped by Ryan Miller without a rebound.
9:26 of 2nd period - David Krejci wins face-off versus Radek Faksa in NEW YORK Islanders zone.
10:15 of 2nd period - Icing by Radek Faksa.
10:16 of 2nd period - Patrice Bergeron wins face-off versus Radek Faksa in NEW YORK Islanders zone.
10:17 of 2nd period - Shot by Brad Marchand.
10:17 of 2nd period - Stopped by Ryan Miller without a rebound.
10:18 of 2nd period - Patrice Bergeron wins face-off versus Dmitrij Jaskin in NEW YORK Islanders zone.
10:45 of 2nd period - Kevin Connauton is hit by Patrice Bergeron and loses puck.
10:47 of 2nd period - Minor Penalty to Phil Kessel for Tripping.
10:48 of 2nd period - Patrice Bergeron wins face-off versus Justin Abdelkader in BOSTON Bruins zone.
13:48 of 2nd period - Shot by Bo Horvat.
13:48 of 2nd period - Shot Hit the Post.
13:50 of 2nd period - Shot by Tomas Hertl.
13:50 of 2nd period - Stopped by Ryan Miller with a rebound.
13:52 of 2nd period - Shot by Blake Wheeler.
13:52 of 2nd period - Shot Misses the Net.
13:54 of 2nd period - Shot by Kevan Miller.
13:54 of 2nd period - Stopped by Ryan Miller without a rebound.
13:55 of 2nd period - Patrice Bergeron wins face-off versus Martin Hanzal in NEW YORK Islanders zone.
14:00 of 2nd period - Shot by Brad Marchand.
14:00 of 2nd period - Deflect By Phil Kessel.
14:00 of 2nd period - Stopped by Ryan Miller without a rebound.
14:01 of 2nd period - Radek Faksa wins face-off versus Patrice Bergeron in NEW YORK Islanders zone.
14:16 of 2nd period - Off-side.
14:17 of 2nd period - Bo Horvat wins face-off versus Jay Beagle in neutral zone.
14:47 of 2nd period - Shot by Bo Horvat.
14:47 of 2nd period - Shot Misses the Net.
14:49 of 2nd period - Shot by Blake Wheeler.
14:49 of 2nd period - Stopped by Ryan Miller with a rebound.
15:23 of 2nd period - Shot by Patrice Bergeron.
15:23 of 2nd period - Stopped by Ryan Miller without a rebound.
15:24 of 2nd period - David Krejci wins face-off versus Dmitrij Jaskin in NEW YORK Islanders zone.
16:00 of 2nd period - Slater Koekkoek is hit by Darren Archibald and loses puck.
16:40 of 2nd period - Shot by Patrice Bergeron.
16:40 of 2nd period - Stopped by Ryan Miller without a rebound.
16:41 of 2nd period - Martin Hanzal wins face-off versus Bo Horvat in NEW YORK Islanders zone.
16:52 of 2nd period - Shot by Martin Hanzal.
16:52 of 2nd period - Shot Misses the Net.
16:54 of 2nd period - Shot by Kevin Connauton.
16:54 of 2nd period - Stopped by Frederik Andersen without a rebound.
16:55 of 2nd period - Patrice Bergeron wins face-off versus Radek Faksa in BOSTON Bruins zone.
17:12 of 2nd period - Shot by Radek Faksa.
17:12 of 2nd period - Shot Misses the Net.
18:44 of 2nd period - Shot by Blake Wheeler.
18:44 of 2nd period - Stopped by Ryan Miller with a rebound.
18:46 of 2nd period - Shot by Blake Wheeler.
18:46 of 2nd period - Stopped by Ryan Miller without a rebound.
18:47 of 2nd period - Jay Beagle wins face-off versus Nolan Patrick in NEW YORK Islanders zone.
19:40 of 2nd period - Victor Hedman is hit by Jay Beagle and loses puck.
19:48 of 2nd period - Icing by Tomas Hertl.
19:49 of 2nd period - Andrew Ladd wins face-off versus Bo Horvat in BOSTON Bruins zone.
Goals for this period are 0 for NEW YORK Islanders vs 0 for BOSTON Bruins.
Shots for this period are 4 for NEW YORK Islanders vs 12 for BOSTON Bruins.

3rd period


0:01 of 3rd period - Andrew Ladd wins face-off versus Patrice Bergeron in neutral zone.
0:41 of 3rd period - Shot by Patrice Bergeron.
0:41 of 3rd period - Stopped by Ryan Miller without a rebound.
0:42 of 3rd period - Dmitrij Jaskin wins face-off versus Bo Horvat in NEW YORK Islanders zone.
0:42 of 3rd period - Dmitrij Jaskin is hit by Tomas Hertl.
1:00 of 3rd period - Shot by Brett Connolly.
1:00 of 3rd period - Shot Blocked by Victor Hedman.
1:02 of 3rd period - Shot by Brett Connolly.
1:02 of 3rd period - Shot Misses the Net.
1:03 of 3rd period - Minor Penalty to Mattias Ekholm for Holding.
1:04 of 3rd period - Justin Abdelkader wins face-off versus Patrice Bergeron in BOSTON Bruins zone.
2:24 of 3rd period - Shot by Dmitrij Jaskin.
2:24 of 3rd period - Stopped by Frederik Andersen without a rebound.
2:25 of 3rd period - Blake Wheeler wins face-off versus Justin Abdelkader in BOSTON Bruins zone.
2:44 of 3rd period - Shot by Jay Beagle.
2:44 of 3rd period - Shot Misses the Net.
2:53 of 3rd period - Brett Connolly is hit by Johnny Boychuk and loses puck.
3:16 of 3rd period - Shot by Radek Faksa.
3:16 of 3rd period - Goal by Radek Faksa - NEW YORK Islanders : 1 - BOSTON Bruins : 0.
3:17 of 3rd period - Radek Faksa wins face-off versus Nolan Patrick in neutral zone.
4:16 of 3rd period - Icing by Victor Hedman.
4:17 of 3rd period - Martin Hanzal wins face-off versus Nolan Patrick in BOSTON Bruins zone.
4:22 of 3rd period - Shot by Justin Abdelkader.
4:22 of 3rd period - Stopped by Frederik Andersen with a rebound.
4:32 of 3rd period - Shot by Martin Hanzal.
4:32 of 3rd period - Goal by Martin Hanzal - NEW YORK Islanders : 2 - BOSTON Bruins : 0.
4:33 of 3rd period - Patrice Bergeron wins face-off versus Dmitrij Jaskin in neutral zone.
5:46 of 3rd period - Shot by Bo Horvat.
5:46 of 3rd period - Stopped by Ryan Miller without a rebound.
5:47 of 3rd period - David Krejci wins face-off versus Radek Faksa in NEW YORK Islanders zone.
6:08 of 3rd period - Shot by David Krejci.
6:08 of 3rd period - Goal by David Krejci - NEW YORK Islanders : 2 - BOSTON Bruins : 1.
6:09 of 3rd period - Blake Wheeler wins face-off versus Martin Hanzal in neutral zone.
6:51 of 3rd period - Shot by Bo Horvat.
6:51 of 3rd period - Shot Hit the Post.
6:53 of 3rd period - Shot by Bo Horvat.
6:53 of 3rd period - Goal by Bo Horvat - NEW YORK Islanders : 2 - BOSTON Bruins : 2.
6:54 of 3rd period - Radek Faksa wins face-off versus Patrice Bergeron in neutral zone.
7:34 of 3rd period - Shot by Adam Lowry.
7:34 of 3rd period - Goal by Adam Lowry - NEW YORK Islanders : 3 - BOSTON Bruins : 2.
7:35 of 3rd period - Dmitrij Jaskin wins face-off versus David Krejci in neutral zone.
7:48 of 3rd period - Shot by Dmitrij Jaskin.
7:48 of 3rd period - Stopped by Frederik Andersen without a rebound.
7:49 of 3rd period - Bo Horvat wins face-off versus Martin Hanzal in BOSTON Bruins zone.
8:07 of 3rd period - Justin Abdelkader is hit by Victor Hedman and loses puck.
8:11 of 3rd period - Minor Penalty to Victor Hedman for Delaying the game.
8:12 of 3rd period - Justin Abdelkader wins face-off versus Patrice Bergeron in BOSTON Bruins zone.
8:17 of 3rd period - Shot by Derek Forbort.
8:17 of 3rd period - Stopped by Frederik Andersen with a rebound.
8:19 of 3rd period - Shot by Justin Abdelkader.
8:19 of 3rd period - Shot Hit the Post.
8:21 of 3rd period - Shot by Derek Forbort.
8:21 of 3rd period - Shot Blocked by Kevan Miller.
8:23 of 3rd period - Shot by Martin Marincin.
8:23 of 3rd period - Stopped by Frederik Andersen without a rebound.
8:24 of 3rd period - Patrice Bergeron wins face-off versus Martin Hanzal in BOSTON Bruins zone.
8:24 of 3rd period - Matt Dumba is hit by Martin Hanzal and loses puck.
8:39 of 3rd period - Shot by Colton Parayko.
8:39 of 3rd period - Deflect By Martin Hanzal.
8:39 of 3rd period - Stopped by Frederik Andersen without a rebound.
8:40 of 3rd period - Patrice Bergeron wins face-off versus Justin Abdelkader in BOSTON Bruins zone.
9:05 of 3rd period - Shot by Brett Connolly.
9:05 of 3rd period - Stopped by Frederik Andersen with a rebound.
9:07 of 3rd period - Shot by Justin Abdelkader.
9:07 of 3rd period - Shot Blocked by Kevan Miller.
10:42 of 3rd period - Shot by Kevin Connauton.
10:42 of 3rd period - Stopped by Frederik Andersen without a rebound.
10:43 of 3rd period - Bo Horvat wins face-off versus Joakim Nordstrom in BOSTON Bruins zone.
11:04 of 3rd period - Shot by Matt Dumba.
11:04 of 3rd period - Stopped by Ryan Miller without a rebound.
11:05 of 3rd period - Patrice Bergeron wins face-off versus Martin Hanzal in NEW YORK Islanders zone.
11:14 of 3rd period - Shot by Patrice Bergeron.
11:14 of 3rd period - Shot Blocked by Ryan Murray.
11:31 of 3rd period - Shot by Drew Stafford.
11:31 of 3rd period - Stopped by Frederik Andersen without a rebound.
11:32 of 3rd period - Bo Horvat wins face-off versus Dmitrij Jaskin in BOSTON Bruins zone.
11:38 of 3rd period - Off-side.
11:39 of 3rd period - Bo Horvat wins face-off versus Dmitrij Jaskin in neutral zone.
12:07 of 3rd period - Icing by Matt Dumba.
12:08 of 3rd period - Bo Horvat wins face-off versus Andrew Ladd in BOSTON Bruins zone.
12:20 of 3rd period - Icing by Colton Parayko.
12:21 of 3rd period - Patrice Bergeron wins face-off versus Radek Faksa in NEW YORK Islanders zone.
12:32 of 3rd period - Shot by Patrice Bergeron.
12:32 of 3rd period - Stopped by Ryan Miller with a rebound.
12:34 of 3rd period - Shot by Patrice Bergeron.
12:34 of 3rd period - Shot Misses the Net.
12:49 of 3rd period - Shot by Phil Kessel.
12:49 of 3rd period - Stopped by Ryan Miller without a rebound.
12:50 of 3rd period - Tomas Hertl wins face-off versus Dmitrij Jaskin in NEW YORK Islanders zone.
13:02 of 3rd period - Matt Moulson is hit by Matt Dumba and loses puck.
13:20 of 3rd period - Off-side.
13:21 of 3rd period - Radek Faksa wins face-off versus Patrice Bergeron in neutral zone.
13:28 of 3rd period - Shot by Andrew Ladd.
13:28 of 3rd period - Shot Misses the Net.
13:52 of 3rd period - Phil Kessel is hit by Ryan Murray and loses puck.
14:04 of 3rd period - Shot by Phil Kessel.
14:04 of 3rd period - Stopped by Ryan Miller without a rebound.
14:05 of 3rd period - Dmitrij Jaskin wins face-off versus Bo Horvat in NEW YORK Islanders zone.
15:28 of 3rd period - Shot by Martin Hanzal.
15:28 of 3rd period - Deflect By Justin Abdelkader.
15:28 of 3rd period - Shot Hit the Post.
15:30 of 3rd period - Shot by Justin Abdelkader.
15:30 of 3rd period - Stopped by Frederik Andersen with a rebound.
15:32 of 3rd period - Shot by Kevin Connauton.
15:32 of 3rd period - Shot Blocked by Shea Theodore.
15:34 of 3rd period - Shot by Justin Abdelkader.
15:34 of 3rd period - Stopped by Frederik Andersen without a rebound.
15:35 of 3rd period - Radek Faksa wins face-off versus Patrice Bergeron in BOSTON Bruins zone.
15:44 of 3rd period - Shot by Radek Faksa.
15:44 of 3rd period - Shot Misses the Net.
15:46 of 3rd period - Shot by Adam Lowry.
15:46 of 3rd period - Stopped by Frederik Andersen without a rebound.
15:47 of 3rd period - Jay Beagle wins face-off versus Nolan Patrick in BOSTON Bruins zone.
15:56 of 3rd period - Shot by Adrian Kempe.
15:56 of 3rd period - Shot Blocked by Ryan Murray.
15:58 of 3rd period - Shot by Victor Hedman.
15:58 of 3rd period - Stopped by Ryan Miller with a rebound.
16:31 of 3rd period - Icing by Joakim Nordstrom.
16:32 of 3rd period - Patrice Bergeron wins face-off versus Jay Beagle in NEW YORK Islanders zone.
16:37 of 3rd period - Shot by Patrice Bergeron.
16:37 of 3rd period - Shot Misses the Net.
16:39 of 3rd period - Shot by Patrice Bergeron.
16:39 of 3rd period - Stopped by Ryan Miller without a rebound.
16:40 of 3rd period - Patrice Bergeron wins face-off versus Radek Faksa in NEW YORK Islanders zone.
16:41 of 3rd period - Shot by Brad Marchand.
16:41 of 3rd period - Goal by Brad Marchand - NEW YORK Islanders : 3 - BOSTON Bruins : 3.
16:42 of 3rd period - Adam Lowry wins face-off versus Patrice Bergeron in neutral zone.
17:03 of 3rd period - Shot by Adam Lowry.
17:03 of 3rd period - Stopped by Frederik Andersen with a rebound.
17:09 of 3rd period - Shot by Adam Lowry.
17:09 of 3rd period - Shot Misses the Net.
17:19 of 3rd period - Shot by Patrice Bergeron.
17:19 of 3rd period - Shot Misses the Net.
18:46 of 3rd period - Shot by Logan Shaw.
18:46 of 3rd period - Stopped by Ryan Miller without a rebound.
18:47 of 3rd period - Clarke MacArthur wins face-off versus Nolan Patrick in NEW YORK Islanders zone.
Goals for this period are 3 for NEW YORK Islanders vs 3 for BOSTON Bruins.
Shots for this period are 16 for NEW YORK Islanders vs 12 for BOSTON Bruins.

Overtime #1


0:01 of 1st overtime period - Patrice Bergeron wins face-off versus Dmitrij Jaskin in neutral zone.
0:04 of 1st overtime period - Jay Beagle is hit by Brad Marchand.
0:10 of 1st overtime period - Shot by Dmitrij Jaskin.
0:10 of 1st overtime period - Stopped by Frederik Andersen without a rebound.
0:11 of 1st overtime period - Patrice Bergeron wins face-off versus Dmitrij Jaskin in BOSTON Bruins zone.
0:13 of 1st overtime period - Icing by Brad Marchand.
0:14 of 1st overtime period - Patrice Bergeron wins face-off versus Dmitrij Jaskin in BOSTON Bruins zone.
0:19 of 1st overtime period - Shot by Brad Marchand.
0:19 of 1st overtime period - Shot Blocked by Colton Parayko.
0:21 of 1st overtime period - Shot by Patrice Bergeron.
0:21 of 1st overtime period - Shot Misses the Net.
0:25 of 1st overtime period - Shot by Brad Marchand.
0:25 of 1st overtime period - Stopped by Ryan Miller with a rebound.
1:08 of 1st overtime period - Icing by Jay Beagle.
1:09 of 1st overtime period - Patrice Bergeron wins face-off versus Dmitrij Jaskin in NEW YORK Islanders zone.
1:10 of 1st overtime period - Shot by Brad Marchand.
1:10 of 1st overtime period - Goal by Brad Marchand - NEW YORK Islanders : 3 - BOSTON Bruins : 4.
Goals for this period are 0 for NEW YORK Islanders vs 1 for BOSTON Bruins.
Shots for this period are 1 for NEW YORK Islanders vs 2 for BOSTON Bruins.